 Dungeon Crawl Stone Soup version 0.25.1-9-gc5326a611f (webtiles) character file.

Game seed: 14982752561964390283

119 pokeman the Magician (level 4, 0/25 HPs)
             Began as a Deep Elf Wizard on Dec 24, 2020.
             Succumbed to a worker ant's poison
             ... on level 2 of the Dungeon.
             The game lasted 00:03:37 (1904 turns).

pokeman the Magician (Deep Elf Wizard)              Turns: 1904, Time: 00:03:37

Health: 0/25       AC:  4    Str:  2 (4)  XL:     4   Next: 73%
Magic:  5/13       EV: 12    Int: 22 (24) God:
Gold:   78         SH:  0    Dex: 10 (13) Spells: 3/14 levels left

rFire    . . .     SeeInvis .   e - +1 dagger (elec)
rCold    . . .     Gourm    .   (no shield)
rNeg     . . .     Faith    .   a - +0 robe
rPois    .         Spirit   .   h - +0 helmet
rElec    .         Reflect  .   c - scarf {harm}
rCorr    .         Harm     +   (no gloves)
MR       .....                  l - +0 pair of boots
Stlth    ++........             (no amulet)
HPRegen  0.08/turn              (no ring)
MPRegen  0.13/turn              (no ring)

@: lethally poisoned (0 -> -3), flying, hasted, very quick
A: no striking features
a: no special abilities


You were on level 2 of the Dungeon.
You were not hungry.

You visited 1 branch of the dungeon, and saw 2 of its levels.

You collected 78 gold pieces.

Inventory:

Hand Weapons
 e - a +1 dagger of electrocution (weapon)
Missiles
 g - 11 bolts
Armour
 a - a +0 robe (worn)
 c - a scarf of harm (worn)
 h - a +0 helmet (worn)
 l - a +0 pair of boots (worn)
Scrolls
 b - a scroll of immolation {unknown}
 f - a scroll of teleportation {unknown}
 i - 2 scrolls of remove curse {unknown}
 j - 2 scrolls of identify {unknown}
 p - a scroll of enchant weapon {unknown}
 q - a scroll of blinking {unknown}
Comestibles
 d - 3 rations
 n - a chunk of flesh


   Skills:
 + Level 1.4 Fighting
 + Level 1.4 Armour
 - Level 2.4 Dodging
 - Level 2.4 Stealth
 * Level 5.8 Spellcasting
 + Level 2.3 Conjurations
 - Level 1.1 Summonings
 - Level 1.1 Translocations


You had 3 spell levels left.
You knew the following spells:

 Your Spells              Type           Power        Failure   Level  Hunger
a - Magic Dart            Conj           ###.         3%          1    None
b - Mephitic Cloud        Conj/Pois/Air  #.......     21%         3    ##.....
c - Call Imp              Summ           ##......     9%          2    None
d - Blink                 Tloc           N/A          9%          2    None
e - Conjure Flame         Conj/Fire      ##......     17%         3    ##.....

Your spell library contained the following spells:

 Spells                   Type           Power        Failure   Level  Hunger
 Slow                     Hex            #.......     14%         2    None


Dungeon Overview and Level Annotations

Branches:
Dungeon (2/15)

Altars:


Message History

Press: ? - help, Shift-Dir - straight line, f/p - worker ant
Aim: a worker ant (almost dead)
The magic dart hits the worker ant.
You kill the worker ant!
It was a potion of flight.
You feel very buoyant.
You fly up into the air.
* * * LOW HITPOINT WARNING * * *
You feel sick.
It was a potion of degeneration.
There was something very wrong with that liquid.
You feel weakened.
You feel dopey.
You feel clumsy.
It was a potion of haste.
You feel yourself speed up.
There is a lethal amount of poison in your body!
* * * LOW HITPOINT WARNING * * *
You feel sick.
* * * LOW HITPOINT WARNING * * *
You feel sick.
Found a lead wand.
You die...

..†......# #.
.........# ##
..÷......# # .........#
# .........# #
.........# # .........#
)........############+#
................@..../#
##...#........#########
#...#........# #..
#.†......# #..
#........# #.
#........# #........#
##########


There were no monsters in sight!

Vanquished Creatures
  A worker ant (D:2)
  3 adders (D:2)
  2 oozes
  A worm (D:2)
  2 dart slugs (D:1)
  2 giant cockroaches (D:1)
  9 goblins
  5 hobgoblins
  2 jackals (D:2)
  4 quokkas (D:2)
  2 bats (D:2)
  3 frilled lizards (D:2)
  7 kobolds
  10 rats
53 creatures vanquished.

Notes
Turn   | Place    | Note
-------+----------+-------------------------------------------
     0 | D:1      | pokeman the Deep Elf Wizard began the quest for the Orb.
     0 | D:1      | Reached XP level 1. HP: 10/10 MP: 7/7
   314 | D:1      | Reached XP level 2. HP: 16/16 MP: 7/9
   624 | D:1      | Reached skill level 5 in Spellcasting
   818 | D:1      | Reached XP level 3. HP: 20/20 MP: 5/11
   823 | D:1      | Learned a level 3 spell: Mephitic Cloud
   826 | D:1      | Learned a level 2 spell: Call Imp
   829 | D:1      | Learned a level 2 spell: Blink
   833 | D:1      | Learned a level 3 spell: Conjure Flame
  1246 | D:2      | Reached skill level 1 in Fighting
  1246 | D:2      | Reached skill level 1 in Armour
  1430 | D:2      | Reached XP level 4. HP: 20/25 MP: 9/13
  1898 | D:2      | HP: 1/25 [poisoned by a worker ant]
  1904 | D:2      | Succumbed to a worker ant's poison

Illustrated notes

Levels and vault maps discovered:
D:1:      sevenhm_arrival_forest_fort_small_6, layout_basic
D:2:      layout_basic, tso_oasis_becter, st_stairs_13

Skill      XL: |  1  2  3 |
---------------+----------+-----
Spellcasting   | 5 |  5.8
Fighting       | 1 |  1.4
Armour         | 1 |  1.4
Conjurations   | 2 |  2.3
Dodging        | |  2.4
Stealth        | |  2.4
Summonings     | |  1.1
Translocations | |  1.1

Action                   |  1- 3 |  4- 6 || total
-------------------------+-------+-------++-------
Melee: Dagger            |     5 |       ||     5
 Cast: Magic Dart        |    82 |    48 ||   130
  Use: Potion            |       |     3 ||     3
  Eat: Chunk             |     1 |     2 ||     3
Armor: Robe              |     1 |       ||     1
Dodge: Dodged            |    12 |     4 ||    16
